Map: Void Thrashing

Players

monk

  • Race: Zerg Zerg
  • Spawn Location: 9:00

sTkmonk

  • Race: Terran Terran
  • Spawn Location: 6:00

VOD

Have the link to the VOD?

Description

Time

  • Played on: Sept. 23, 2017, 5:07 a.m.
  • Length: 14:11
Show
View Real Time Build Order
Export as new Build Order

monk Zerg 

Build Orders:  

Get SALT Encoding   

  6  0:11  Drone x2  
  6  0:18  Drone x2  
  8  0:28  Drone x2  
  9  0:42  Extractor  
  9  0:45  Drone x2  
  6  0:50  Drone x2  
  10  1:12  Spawning Pool  
  10  1:20  Extractor  
  10  1:21  Drone x2  
  10  1:31  Overlord  
  10  1:45  Baneling Nest  
  10  1:54  Swarmling x6  
  10  1:59  Drone x2  
  14  2:13  Drone x2  
  14  2:16  Drone x2  
  16  2:25  Drone x2  
  19  3:00  Hatchery  
  19  3:05  Overlord  
  18  3:10  Drone x2  
  21  3:31  Drone x6  
  24  3:40  Drone x2  
  24  3:41  Drone x2  
  28  3:50  Drone x2  
  28  3:58  Extractor  
  29  4:00  Drone x2  
  29  4:03  Extractor  
  29  4:13  Drone x4  
  29  4:15  Centrifical Hooks  
  33  4:21  Overlord  
  33  4:41  Lair  
  33  4:47  Evolution Chamber  
  33  4:48  Drone x2  
  33  4:49  Evolution Chamber  
  35  5:02  Drone x2  
  35  5:04  Metabolic Boost  
  36  5:15  Drone x2  
  36  5:17  Drone x2  
  40  5:35  Zerg Melee Weapons Level 1, Heroic Fortitude  
  42  6:04  Hardened Carapace  
  42  6:05  Corrosive Acid  
  42  6:06  Overlord  
  42  6:07  Overlord x2  
  44  6:37  Aberration x3  
  53  6:43  Zerg Ground Armor Level 1  
  53  6:45  Scourge Nest  
  54  6:51  Aberration  
  54  6:52  Aberration  
  60  7:00  Hive  
  60  7:08  Overlord x2  
  64  7:54  Swarmling x3  
  64  7:55  Swarmling x33  
  82  8:01  Simplified Genome  
  82  8:05  Adrenal Overload  
  83  8:37  Overlord  
  83  8:39  Drone x2  
  82  8:42  Zerg Melee Weapons Level 2  
  84  8:53  Overseer  
  84  9:01  Virulent Spores  
  84  9:05  Shredding Claws  
  86  9:21  Aberration x2  
  92  9:30  Hatchery  
  92  9:32  Hatchery x2  
  92  9:36  Roach x8  
  92  9:37  Roach x12  
  90  9:45  Hatchery  
  43  10:32  Swarmling x21, Scourge x2  
  43  10:33  Swarmling x6, Scourge x2  
  59  10:53  Scourge x8  
  59  10:54  Scourge x8  
  59  10:55  Scourge x8  
  70  11:14  Scourge x2  
  70  11:15  Scourge x22  
  70  11:19  Overseer x2  
  84  11:22  Overseer  
  84  11:30  Scourge x2  
  84  11:31  Scourge x6  
  84  11:32  Scourge x2  
  84  11:37  Scourge x10  
  84  11:38  Scourge x4  
  98  11:52  Scourge x2  
  98  11:53  Scourge x2  
  99  12:42  Roach x12  
  99  12:43  Aberration, Roach x8  
  99  12:44  Aberration  
  99  12:46  Scourge x6  
  87  12:55  Scourge x2  
  87  12:56  Scourge x16  
  87  12:57  Swarmling x3, Scourge x8  
  87  12:58  Swarmling x33  
  87  12:59  Swarmling x21  
  87  13:09  Scourge x2  
  83  13:10  Swarmling x6  
  83  13:11  Swarmling x12  
  83  13:13  Swarmling x6  
  75  13:21  Swarmling x3  
  75  13:22  Swarmling x15  
  72  13:33  Swarmling x3  
  72  13:36  Swarmling x9  
  72  13:37  Swarmling x6  
  74  13:45  Swarmling x9  
Show
View Real Time Build Order
Export as new Build Order

sTkmonk Terran 

Build Orders:  

Get SALT Encoding   

Tags
 
Commander
RaynorZagara
Matchup
Co-op
Replay Pack
Co-op Speedrun
Add a new tag
Caveats
  • Supply blocks, unpowered buildings, or Contaminate may cause inaccurate times.
  • Supply counts are checked every 10 seconds.